 Dungeon Crawl Stone Soup version 0.21.1-72-gffa868e (webtiles) character file.

50964 Madoushi the Severer (level 14, 0/133 HPs)
             Began as a Minotaur Berserker on Aug 4, 2018.
             Was a High Priest of Trog.
             Slain by Snorg (19 damage)
             ... on level 4 of the Lair of Beasts.
             The game lasted 01:06:00 (22275 turns).

Madoushi the Severer (Minotaur Berserker)          Turns: 22275, Time: 01:06:01

Health: 0/133      AC: 19    Str: 24    XL:     14   Next: 21%
Magic:  0/23       EV: 10    Int:  4    God:    Trog [*****.]
Gold:   1214       SH:  6    Dex: 10    Spells: 13/13 levels left

rFire    + . .     SeeInvis .   m - +5 broad axe (flame)
rCold    . . .     Gourm    .   e - +2 buckler
rNeg     . . .     Faith    +   A - +0 plate armour
rPois    +         Spirit   +   J - +1 hat
rElec    .         Reflect  .   s - scarf {Spirit}
rCorr    .         Harm     .   M - +1 pair of gloves {archery}
MR       +++..                  (no boots)
Stlth    ..........             Y - amulet of faith
HPRegen  0.32/turn              x - +2 ring of strength
MPRegen  0.18/turn              L - ring "Dushack" {rPois rF+ MR++ MP+9 Str-5}

@: about to teleport, studying Staves
A: retaliatory headbutt, horns 2
a: Berserk, Trog's Hand, Brothers in Arms, Burn Spellbooks, Renounce Religion


You were on level 4 of the Lair of Beasts.
You worshipped Trog.
Trog was extremely pleased with you.
You were not hungry.

You visited 2 branches of the dungeon, and saw 19 of its levels.

You collected 1214 gold pieces.

Inventory:

Hand Weapons
 a - a +1 hand axe
 m - a +5 broad axe of flaming (weapon)
 q - a +6 executioner's axe of chopping
 H - a +4 battleaxe of chaos
Armour
 e - a +2 buckler (worn)
 s - a scarf of spirit shield (worn)
 A - a +0 plate armour (worn)
 C - the +1 pair of boots of the Boiling Point {-Tele +Inv rF- Dex+8}
   (You acquired it on level 7 of the Dungeon)

   It affects your dexterity (+8).
   It makes you vulnerable to fire.
   It lets you turn invisible.
   It prevents most forms of teleportation.
 J - a +1 hat (worn)
 M - a +1 pair of gloves of archery (worn)
 V - a scarf of repulsion
Jewellery
 n - a +2 ring of evasion
 w - an uncursed ring of stealth
 x - a +2 ring of strength (left hand)
 I - an uncursed ring of protection from magic
 L - the ring "Dushack" (right hand) {rPois rF+ MR++ MP+9 Str-5}
   (You found it on level 8 of the Dungeon)

   [ring of magical power]

   It affects your strength (-5).
   It protects you from fire.
   It protects you from poison.
   It affects your resistance to hostile enchantments.
   It affects your magic capacity (+9).
 Q - an uncursed ring of ice
 R - an uncursed ring of protection from magic
 U - a +4 amulet of reflection
 Y - an amulet of faith (around neck)
Wands
 t - a wand of acid (11)
 F - a wand of flame (42)
 N - a wand of paralysis (13)
 S - a wand of iceblast (4)
Scrolls
 f - 3 scrolls of magic mapping
 k - 11 scrolls of remove curse
 l - a scroll of brand weapon
 u - 6 scrolls of identify
 y - 3 scrolls of teleportation
 K - 2 scrolls of fog
Potions
 d - 2 potions of magic {unknown}
 g - 3 potions of agility {unknown}
 h - 2 potions of degeneration {unknown}
 i - 11 potions of curing
 j - a potion of ambrosia {unknown}
 o - 3 potions of lignification
 p - 7 potions of flight
 v - a potion of cancellation {unknown}
 z - 2 potions of haste {unknown}
 B - 2 potions of mutation {unknown}
 D - 2 potions of might {unknown}
 E - 3 potions of heal wounds
 G - a potion of berserk rage {unknown}
 O - a potion of invisibility {unknown}
Books
 P - a manual of Staves
Miscellaneous
 b - a phial of floods
 Z - a phial of floods
Comestibles
 c - 16 rations
 r - 2 chunks of flesh


   Skills:
 + Level 14.4 Fighting
 + Level 18.7 Axes
 + Level 12.9 Armour
 + Level 8.1 Dodging
 + Level 4.3 Stealth
 + Level 2.5 Shields
 + Level 2.5 Evocations


You had 13 spell levels left.
You didn't know any spells.

Dungeon Overview and Level Annotations

Branches:
Dungeon (13/15)            Temple (0/1) D:6            Lair (6/6) D:10
  Snake (0/4) Lair:2        Slime (0/5) Lair:5          Orc (0/2) D:12
 Vaults (0/5) D:13
  Swamp: Lair:2-4    Shoals: Lair:2-4

Altars:
Ashenzari
Cheibriados
Dithmenos
Elyvilon
Kikubaaqudgha
Makhleb
Qazlal
Trog
Vehumet
The Shining One
Jiyva

Shops:
D:8 !?:*:   D:10 [

Annotations:
Lair:4 Snorg
Lair:5 exclusion: 2 oklob plants


Innate Abilities, Weirdness & Mutations

You reflexively headbutt those who attack you in melee.
You have a pair of horns on your head.


Message History

You block Snorg's attack. Snorg claws you!
* * * LOW HITPOINT WARNING * * *
Snorg claws you!
* * * LOW HITPOINT WARNING * * *
As you read the scroll of teleportation, it crumbles to dust.
You feel strangely unstable.
The centaur shoots an arrow.
You block the arrow. Snorg bites you but does no damage. Snorg claws you.
* * * LOW HITPOINT WARNING * * *
Snorg claws you but does no damage.
The centaur shoots an arrow.
You block the arrow.
You feel much better. You block Snorg's attack. Snorg claws you!
* * * LOW HITPOINT WARNING * * *
Snorg claws you but does no damage.
The centaur shoots an arrow.
The arrow misses you. Snorg barely misses you. You furiously retaliate!
You headbutt Snorg! You block Snorg's attack. Snorg claws you!
* * * LOW HITPOINT WARNING * * *
You slash Snorg! You burn Snorg. Your headbutt misses Snorg.
Snorg is almost dead.
Snorg bites you!!
You die...

#. #........PP... ##
.#..............P #
#.....#.....P.P... ###
#.....#....P.PP... #.#
#.#...#............####..
........c.c.P............
........T................
....?.(@...............†
.#......................
#........#.####....##..
#........#######...##..
#...........P###...##..
#..................##..
.........................
.........................
#..#P.###.#..#.##P.#..###


You could see Snorg (berserk) and 2 centaurs.

Vanquished Creatures
  Rupert (D:12)
  Josephine (D:10)
  Fannar (D:11)
  7 hydras
  2 two-headed ogres
  A centaur warrior (D:13)
  Urug (D:12)
  4 slime creatures (D:13)
  An ugly thing (D:13)
  The ghost of cribozai the Geomancer, a novice DEEE (D:6)
  2 manticores (D:12)
  2 cyclopes
  5 spiny frogs
  A gargoyle (D:13)
  5 elephants (Lair:3)
  A redback zombie (D:13)
  A kobold demonologist (D:12)
  4 rime drakes (Lair:6)
  5 komodo dragons
  4 trolls
  5 polar bears (Lair:6)
  6 hornets
  4 blink frogs
  Prince Ribbit (D:5)
  6 hippogriffs
  10 dream sheep
  2 shadows (D:12)
  14 spriggans
  2 fire elementals (Lair:5)
  32 yaks
  4 wraiths (D:10)
  4 wyverns
  7 basilisks
  2 fire bats (Lair:5)
  2 hungry ghosts (D:12)
  6 vampire mosquitoes
  2 nagas (Lair:2)
  13 water moccasins
  2 soldier ants
  An acid dragon (D:11)
  5 porcupines
  A sky beast (D:5)
  4 orc warriors
  9 black bears
  A phantom (D:9)
  4 necrophages
  5 ice beasts
  6 ogres
  20 wolves
  4 boggarts (Lair:6)
  6 centaurs
  13 crocodiles
  4 big kobolds
  Blork the orc (D:5)
  16 bullfrogs
  A gnoll sergeant (D:11)
  2 scorpions
  8 killer bees
  3 vampire bats (D:6)
  11 wights
  3 howler monkeys
  4 crimson imps
  4 centaur zombies
  A bullfrog zombie (D:6)
  6 orc priests
  2 bullfrog skeletons
  4 hounds
  4 iguanas
  8 orc wizards
  4 worker ants
  A worker ant zombie (D:9)
  12 adders
  13 gnolls
  A howler monkey skeleton (D:6)
  3 shadow imps
  An ooze (D:4)
  An adder zombie (D:6)
  3 adder skeletons
  2 worms
  5 dart slugs
  5 leopard geckos
  29 orcs
  2 ball pythons (D:1)
  4 bat skeletons (D:6)
  2 bat zombies (D:6)
  8 giant cockroaches
  6 goblins
  10 hobgoblins
  8 jackals
  5 quokkas
  6 bats
  8 frilled lizards
  A giant cockroach zombie (D:2)
  24 kobolds
  2 quokka zombies
  5 rats
  5 fungi
  5 plants
516 creatures vanquished.

Vanquished Creatures (collateral kills)
  A wraith (D:11)
1 creature vanquished.

Vanquished Creatures (others)
  2 orcs (D:3)
  9 fungi
  3 plants (Lair:6)
14 creatures vanquished.

Grand Total: 531 creatures vanquished

Notes
Turn   | Place    | Note
-------+----------+-------------------------------------------
     0 | D:1      | Madoushi the Minotaur Berserker began the quest for the Orb.
     0 | D:1      | Reached XP level 1. HP: 19/19 MP: 0/0
   201 | D:1      | Reached XP level 2. HP: 20/27 MP: 1/1
   201 | D:1      | Reached skill level 4 in Axes
   547 | D:1      | Reached ** piety under Trog
   557 | D:1      | Reached XP level 3. HP: 25/33 MP: 2/2
  1067 | D:2      | Found a shattered altar of Ashenzari.
  1147 | D:2      | Reached XP level 4. HP: 39/41 MP: 3/3
  1513 | D:3      | Found a radiant altar of Vehumet.
  1617 | D:3      | Reached skill level 5 in Axes
  1783 | D:3      | Found a bloodstained altar of Trog.
  1857 | D:3      | Found a burning altar of Makhleb.
  1884 | D:3      | Reached XP level 5. HP: 47/47 MP: 4/4
  2428 | D:4      | Noticed an ogre
  2434 | D:4      | Killed an ogre
  2434 | D:4      | Reached *** piety under Trog
  2566 | D:4      | Reached skill level 5 in Fighting
  2566 | D:4      | Reached XP level 6. HP: 52/56 MP: 5/5
  2571 | D:4      | Reached skill level 6 in Axes
  3270 | D:5      | Entered Level 5 of the Dungeon
  3352 | D:5      | Noticed Blork the orc
  3368 | D:5      | Killed Blork the orc
  3502 | D:5      | Noticed a sky beast
  3518 | D:5      | Reached XP level 7. HP: 8/61 MP: 3/6
  3527 | D:5      | Reached skill level 7 in Axes
  3527 | D:5      | Reached skill level 5 in Armour
  3952 | D:5      | Noticed Prince Ribbit
  3965 | D:5      | Killed Prince Ribbit
  4176 | D:5      | Reached skill level 1 in Stealth
  4658 | D:6      | Reached XP level 8. HP: 65/70 MP: 5/7
  4665 | D:6      | Found a staircase to the Ecumenical Temple.
  4690 | D:6      | Reached skill level 8 in Axes
  4802 | D:6      | Noticed cribozai's ghost (novice DEEE)
  4819 | D:6      | Killed cribozai's ghost
  4819 | D:6      | Reached skill level 9 in Axes
  4821 | D:6      | Reached **** piety under Trog
  5122 | D:6      | Reached skill level 1 in Evocations
  5173 | D:6      | Reached XP level 9. HP: 78/78 MP: 8/8
  5182 | D:6      | Found an ancient bone altar of Kikubaaqudgha.
  5185 | D:6      | Reached skill level 10 in Axes
  5187 | D:6      | Reached skill level 5 in Dodging
  5849 | D:7      | Found a stormy altar of Qazlal.
  6634 | D:7      | Found a shadowy altar of Dithmenos.
  6650 | D:7      | Reached skill level 11 in Axes
  6708 | D:7      | Found a snail-covered altar of Cheibriados.
  6758 | D:7      | Identified a scroll of acquirement
  6761 | D:7      | Got a pair of polished boots
  6762 | D:7      | Identified the +1 pair of boots of the Boiling Point {-Tele +Inv rF- Dex+8} (You acquired it on level 7 of the Dungeon)
  6953 | D:8      | Found Viacw's Assorted Antiques.
  6998 | D:8      | Found Iding's Magic Scroll Shoppe.
  7020 | D:8      | Got a crude lapis lazuli ring
  7043 | D:8      | Identified the ring "Dushack" {rPois rF+ MR++ MP+9 Str-5} (You found it on level 8 of the Dungeon)
  7414 | D:8      | Found Kos Ted's Distillery.
  7437 | D:8      | You fall through a shaft for 2 floors!
  7437 | D:10     | Entered Level 10 of the Dungeon
  7622 | D:9      | Noticed a troll
  7636 | D:9      | Killed a troll
  8138 | D:9      | Reached XP level 10. HP: 86/88 MP: 8/10
  8189 | D:9      | Found a white marble altar of Elyvilon.
  8278 | D:9      | Noticed a two-headed ogre
  8284 | D:9      | Killed a two-headed ogre
  8284 | D:9      | Reached skill level 12 in Axes
  8827 | D:8      | Found Arid's Book Boutique.
  8892 | D:8      | Found Hicifuts's Book Shoppe.
  9004 | D:8      | Found a glowing golden altar of the Shining One.
  9476 | D:10     | Found a shadowy altar of Dithmenos.
  9519 | D:10     | Found a staircase to the Lair.
  9522 | D:10     | Reached skill level 13 in Axes
  9575 | D:10     | Reached ***** piety under Trog
  9723 | D:10     | Found Godutak's Armour Boutique.
 10568 | D:11     | Noticed a cyclops
 10719 | D:11     | Killed a cyclops
 10955 | D:11     | Received a gift from Trog
 11299 | D:11     | Reached XP level 11. HP: 64/97 MP: 9/11
 11509 | D:11     | Noticed Josephine
 11710 | D:10     | Reached skill level 14 in Axes
 11711 | D:10     | Killed Josephine
 12351 | D:11     | Noticed Fannar
 12379 | D:11     | Killed Fannar
 13237 | D:12     | Noticed Urug
 13251 | D:12     | Killed Urug
 13528 | D:12     | Reached skill level 10 in Fighting
 13643 | D:12     | Found a staircase to the Orcish Mines.
 13798 | D:12     | Reached skill level 15 in Axes
 14204 | D:12     | Noticed Rupert
 14229 | D:12     | Killed Rupert
 14229 | D:12     | Reached XP level 12. HP: 49/108 MP: 12/12
 14564 | D:12     | Reached skill level 10 in Armour
 14888 | D:13     | Noticed a six-headed hydra
 14902 | D:12     | Killed a three-headed hydra
 15196 | D:13     | Noticed a centaur warrior
 15219 | D:13     | Killed a centaur warrior
 15219 | D:13     | Reached skill level 16 in Axes
 16002 | D:13     | Noticed a two-headed ogre
 16014 | D:13     | Killed a two-headed ogre
 16401 | D:13     | Noticed a catoblepas
 16970 | D:13     | Found a gate to the Vaults.
 17127 | Lair:1   | Entered Level 1 of the Lair of Beasts
 17378 | Lair:1   | Received a gift from Trog
 17380 | Lair:1   | Reached skill level 17 in Axes
 17686 | Lair:1   | Noticed an eight-headed hydra
 17694 | Lair:1   | Killed a five-headed hydra
 18158 | Lair:1   | Reached XP level 13. HP: 105/119 MP: 13/13
 18685 | Lair:2   | Found a staircase to the Snake Pit.
 19344 | Lair:3   | You fall through a shaft for 3 floors!
 19344 | Lair:6   | Entered Level 6 of the Lair of Beasts
 19646 | Lair:6   | Reached skill level 18 in Axes
 20494 | Lair:6   | Reached skill level 1 in Shields
 20941 | Lair:6   | Received a gift from Trog
 21124 | Lair:5   | Found a viscous altar of Jiyva.
 21124 | Lair:5   | Found a staircase to the Slime Pits.
 21138 | Lair:5   | Reached XP level 14. HP: 103/132 MP: 14/14
 22259 | Lair:4   | Noticed Snorg
 22275 | Lair:4   | Slain by Snorg

Skill      XL: |  1  2  3  4  5  6  7  8  9 10 11 12 13 |
---------------+----------------------------------------+-----
Axes           | 4 5 6 7 9 11 13 15 17 18 | 18.7
Fighting       | 4 5 6 8 9 10 12 14 | 14.4
Dodging        | 3 4 5 6 7 8 |  8.1
Armour         | 3 4 5 6 7 8 9 10 12 | 12.9
Stealth        | 1 2 3 4 |  4.3
Evocations     | 1 2 |  2.5
Shields        | 2 |  2.5

Action                   |  1- 3 |  4- 6 |  7- 9 | 10-12 | 13-15 || total
-------------------------+-------+-------+-------+-------+-------++-------
Melee: Hand axe          |    85 |   154 |       |       |       ||   239
       Headbutt          |     9 |    19 |    22 |   113 |    79 ||   242
       Broad axe         |       |     3 |   157 |   480 |   422 ||  1062
Invok: Burn Spellbooks   |       |       |     1 |     1 |     1 ||     3
       Berserk           |       |       |       |     2 |       ||     2
       Trog's Hand       |       |       |       |     1 |       ||     1
       Brothers in Arms  |       |       |       |     1 |       ||     1
Evoke: Wand              |       |       |    13 |     8 |       ||    21
  Use: Scroll            |     1 |     6 |     5 |     5 |    11 ||    28
       Potion            |       |       |       |       |     1 ||     1
 Stab: Sleeping          |       |       |     3 |     2 |       ||     5
       Distracted        |       |       |       |       |     1 ||     1
  Eat: Chunk             |     1 |     5 |     3 |     3 |     5 ||    17
       Ration            |       |     1 |     3 |    11 |     2 ||    17
Armor: Animal skin       |     5 |       |       |       |       ||     5
       Ring mail         |    12 |    51 |    66 |   145 |     2 ||   276
       Plate armour      |       |       |       |       |   232 ||   232
Dodge: Dodged            |    63 |   112 |   118 |   307 |   182 ||   782
Block: Buckler           |       |       |       |       |    64 ||    64
